 Dungeon Crawl Stone Soup version 0.31-a0-210-gccc998df9b (webtiles) character file.

Game seed: 1282721300726629276

24360 Dittersdorf the Protected (level 13, -8/87 HPs)
             Began as a Gargoyle Fighter on June 29, 2023.
             Was a High Priest of Okawaru.
             Mangled by a death yak (17 damage)
             ... on level 3 of the Lair of Beasts.
             The game lasted 00:17:09 (19306 turns).

Dittersdorf the Protected (Gargoyle Fighter)       Turns: 19306, Time: 00:17:09

Health: -8/87      AC: 31    Str: 24    XL:     13   Next: 12%
Magic:  1/13       EV:  9    Int: 10    God:    Okawaru [*****.]
Gold:   803        SH: 19    Dex:  9    Spells: 12/12 levels left

rFire   . . .        k - +0 morningstar
rCold   . . .        v - +3 kite shield
rNeg    + . .        B - +1 scale mail {Will+}
rPois   ∞            q - +0 helmet
rElec   +            p - +0 cloak
rCorr   .            c - +3 Mad Mage's Maulers {Infuse+∞ VampMP -Cast}
SInv    .            u - +2 pair of boots {Stlth+}
Will    +....        H - amulet of reflection
Stlth   +            m - ring of flight
HPRegen 0.34/turn    w - +4 ring of slaying
MPRegen 0.13/turn

%: no spellcasting, reflection, infuse magic (1 MP)
@: flying
A: sickness immunity, AC +9, negative energy resistance 1, electricity
resistance, torment resistance 1, petrification resistance
a: Renounce Religion, Heroism, Finesse, Duel


You were on level 3 of the Lair of Beasts.
You worshipped Okawaru.
Okawaru was extremely pleased with you.
You visited 3 branches of the dungeon, and saw 14 of its levels.

You collected 803 gold pieces.

Inventory:

Hand Weapons
 k - a +0 morningstar (weapon)
Missiles
 r - 34 poisoned darts (quivered)
Armour
 c - the +3 Mad Mage's Maulers (worn) {Infuse+∞ VampMP -Cast}
   (You acquired it on level 4 of the Dungeon)

   Infuse+∞: It empowers its wearer's blows with all of their magic.
   VampMP:    Blows struck in melee replenish the wearer's magic.
   -Cast:     It prevents spellcasting.
 p - a +0 cloak (worn)
 q - a +0 helmet (worn)
 u - a +2 pair of boots of stealth (worn)
 v - a +3 kite shield (worn)
 B - a +1 scale mail of willpower (worn)
Jewellery
 m - a ring of flight (left hand)
 w - a +4 ring of slaying (right hand)
 H - an amulet of reflection (around neck)
Wands
 a - a wand of flame (8)
 t - a wand of light (7)
 A - a wand of iceblast (3)
 G - a wand of digging (7)
Scrolls
 e - 11 scrolls of teleportation
 g - 3 scrolls of enchant armour
 h - 4 scrolls of enchant weapon
 D - 3 scrolls of blinking
 E - a scroll of fear
Potions
 b - 2 potions of brilliance
 d - 2 potions of might
 f - 4 potions of enlightenment
 i - a potion of degeneration {unknown}
 j - a potion of resistance
 l - a potion of berserk rage
 n - 4 potions of heal wounds {unknown}
 o - 3 potions of magic
 s - 4 potions of curing
 x - 2 potions of invisibility
 z - a potion of cancellation
 F - a potion of ambrosia {unknown}


   Skills:
 + Level 12.4 Fighting
 + Level 11.2 Maces & Flails
 + Level 12.4 Armour
 + Level 12.4 Shields


You had 12 spell levels left.
You didn't know any spells.
Your spell library contained the following spells:

 Spells                   Type           Power      Damage    Failure   Level
 Apportation              Tloc           0%         N/A       77%         1
 Beastly Appendage        Tmut           0%         N/A       77%         1
 Freeze                   Ice            0%         1d3       77%         1
 Necrotise                Necr           0%         1d4       77%         1
 Sandblast                Erth           0%         2d4       77%         1
 Lesser Beckoning         Tloc           0%         N/A       88%         2
 Passwall                 Tmut/Erth      0%         N/A       88%         2
 Static Discharge         Conj/Air       0%         2-2/arc   88%         2
 Wereblood                Tmut           0%         N/A       88%         2
 Frozen Ramparts          Ice            0%         1d1       98%         3
 Gell's Gravitas          Tloc           0%         N/A       98%         3
 Hailstorm                Conj/Ice       0%         3d3       98%         3
 Spider Form              Tmut/Pois      0%         N/A       98%         3
 Stone Arrow              Conj/Erth      0%         3d7       98%         3
 Teleport Other           Tloc           0%         N/A       98%         3
 Airstrike                Air            0%         2d(0-16)  100%        4
 Summon Small Mammal      Summ           Unusable   N/A       N/A         1
 Summon Lightning Spire   Summ/Air       Unusable   N/A       N/A         4

Dungeon Overview and Level Annotations

Branches:
Dungeon (10/15)            Temple (1/1) D:7            Lair (3/5) D:10
  Snake (0/4) Lair:2
  Swamp: Lair:2-3    Shoals: Lair:2-3       Orc: D:9-12

Altars:
Ashenzari
Cheibriados
Dithmenos
Elyvilon
Fedhas
Gozag
Hepliaklqana
Kikubaaqudgha
Makhleb
Nemelex Xobeh
Okawaru
Qazlal
Ru
Sif Muna
Trog
Uskayaw
Vehumet
Wu Jian
Xom
Yredelemnul
Zin
The Shining One

Shops:
D:1 ((


Innate Abilities, Weirdness & Mutations

You are immune to sickness and miasma.
Your stone body is resilient. (AC +9)
You are immune to poison.
You resist negative energy. (rN+)
You are resistant to electric shocks. (rElec)
You are resistant to unholy torment.
You are immune to petrification.


Message History

You puncture the death yak!
The death yak is almost dead.
The six-headed hydra bites something. x2; The six-headed hydra bites something! x2
You puncture the death yak!
The death yak is almost dead.
The death yak gores you!
* * * LOW HITPOINT WARNING * * *
You barely miss the death yak.
The death yak is almost dead.
You block the death yak's attack.
You impale the death yak!!
You kill the death yak!
Okawaru accepts your kill.
You feel like a meek peon again.
You impale the bullfrog!!
You kill the bullfrog!
Okawaru accepts your kill. You block the death yak's attack.
You sock the death yak!
The death yak is moderately wounded.
The death yak gores you but does no damage.
You bludgeon the death yak!!
The death yak is heavily wounded.
You block the death yak's attack.
You puncture the death yak!
The death yak is severely wounded.
You block the death yak's attack.
You hit the death yak.
The death yak is severely wounded.
You block the death yak's attack.
You barely miss the death yak.
The death yak is severely wounded.
The death yak gores you!
* * * LOW HITPOINT WARNING * * *
You don't have enough magic at the moment.
You don't have enough magic at the moment.
The death yak attacks as you move away!
The death yak gores you but does no damage.
The death yak attacks as you move away! The death yak gores you!
You die...

.................
...♣.♣.........
....♣..#..... #.♣P.P♣§†♣
♣.♣..♣.~♣ ♣.♣♣.♣§P♣
♣..♣♣♣♣♣ ♣.♣.Y.♣ ♣♣P♣@♣♣♣
♣# ♣♣♣...P.P♣♣.# #.
♣♣♣♣P♣♣♣♣♣♣...♣ ...
♣.♣♣♣P♣.♣...P♣♣ .....
.♣P..♣...♣...P♣###.....
#♣P♣♣♣P..♣♣♣♣♣....#....P(
#.♣♣♣..♣♣.P♣P.P.#.....((.
#.~♣♣♣♣..PP.♣.♣..........
#♣♣§§....♣P..P.♣.........


You could see a death yak.

Vanquished Creatures
  3 hydras
  A catoblepas (Lair:1)
  A two-headed ogre (D:10)
  2 death yaks (Lair:3)
  Amaemon (Lair:2)
  A skyshark (Lair:2)
  Maurice (D:10)
  An elephant (Lair:3)
  An orange demon (Lair:3)
  Joseph (D:7)
  2 black mambas
  An unseen horror (D:9)
  5 cane toads
  2 rime drakes
  2 komodo dragons
  A polar bear (Lair:1)
  A troll (D:10)
  2 hornets (D:9)
  15 blink frogs
  Grinder (D:6)
  17 yaks
  A shadow (D:9)
  A vampire (D:9)
  Sigmund (D:2)
  3 wyverns
  Eustachio (D:6)
  A basilisk (Lair:2)
  A vampire mosquito (D:8)
  Menkaure (D:5)
  3 nagas (Lair:2)
  9 water moccasins
  9 ice beasts
  A sky beast (D:6)
  2 black bears (D:6)
  6 ogres
  8 wolves
  3 centaurs
  A phantom (D:7)
  3 kobold brigands
  6 bullfrogs
  A gnoll sergeant (D:9)
  3 scorpions
  14 killer bees
  11 electric eels
  5 howler monkeys
  3 hounds
  2 jellies
  Crazy Yiuf (D:5)
  6 orc priests
  3 sleepcaps
  2 iguanas (D:6)
  7 orc wizards
  4 hell rats (Lair:1)
  5 gnolls (D:9)
  6 adders
  4 white imps
  2 worms
  3 dart slugs
  24 orcs
  12 ball pythons
  13 endoplasms
  A giant cockroach (D:2)
  5 goblins
  7 hobgoblins
  2 jackals (D:2)
  4 quokkas
  6 bats
  7 frilled lizards
  13 kobolds
  7 rats
306 creatures vanquished.

Notes
Turn   | Place    | Note
-------+----------+-------------------------------------------
     0 | D:1      | Dittersdorf the Gargoyle Fighter began the quest for the
                  | Orb.
     0 | D:1      | Reached XP level 1. HP: 14/14 MP: 1/1
   187 | D:1      | Reached XP level 2. HP: 10/19 MP: 2/2
   337 | D:1      | Found Gathunt's Weapon Shoppe.
   369 | D:1      | Found a faded altar of an unknown god.
   485 | D:1      | Found Pakawkec's Weapon Shoppe.
   639 | D:1      | Reached XP level 3. HP: 23/23 MP: 3/3
   989 | D:2      | Noticed Sigmund
  1182 | D:2      | Reached XP level 4. HP: 22/29 MP: 4/4
  1457 | D:2      | Killed Sigmund
  1458 | D:2      | Reached XP level 5. HP: 14/34 MP: 5/5
  1639 | D:3      | Noticed an ogre
  1646 | D:3      | Killed an ogre
  1647 | D:3      | Reached XP level 6. HP: 11/39 MP: 6/6
  1793 | D:3      | You are sucked into a shaft and drop 2 floors!
  1793 | D:5      | Entered Level 5 of the Dungeon
  1988 | D:4      | Found a basalt altar of Yredelemnul.
  2017 | D:4      | Noticed a water moccasin
  2034 | D:4      | Killed a water moccasin
  2035 | D:4      | Reached skill level 5 in Fighting
  2035 | D:4      | Reached skill level 5 in Armour
  2035 | D:4      | Reached skill level 5 in Shields
  2035 | D:4      | Reached XP level 7. HP: 41/44 MP: 7/7
  2100 | D:4      | Identified a scroll of acquirement
  2100 | D:4      | Acquired the +3 Mad Mage's Maulers {Infuse+∞ VampMP -Cast}
  2100 | D:4      | Found the +3 Mad Mage's Maulers {Infuse+∞ VampMP -Cast}
  4807 | D:4      | Reached XP level 8. HP: 51/51 MP: 1/8
  4867 | D:5      | Noticed Menkaure
  4871 | D:5      | Killed Menkaure
  4872 | D:5      | Reached skill level 5 in Maces & Flails
  5279 | D:5      | Found a runed translucent door.
  5280 | D:5      | Noticed Crazy Yiuf
  5290 | D:5      | Killed Crazy Yiuf
  6112 | D:6      | Reached XP level 9. HP: 43/57 MP: 0/9
  6258 | D:6      | Noticed Eustachio
  6291 | D:6      | Killed Eustachio
  7086 | D:6      | Noticed Grinder
  7094 | D:6      | Killed Grinder
  7437 | D:7      | Noticed Joseph
  8242 | D:7      | Killed Joseph
  8622 | D:7      | Found a hide-covered altar of Uskayaw.
  8636 | D:7      | Reached XP level 10. HP: 64/64 MP: 3/10
  8703 | D:7      | Found a staircase to the Ecumenical Temple.
  8713 | Temple   | Entered the Ecumenical Temple
  8828 | Temple   | Became a worshipper of Warmaster Okawaru
  9351 | D:8      | Noticed a six-headed hydra
  9362 | D:8      | Killed a six-headed hydra
  9362 | D:8      | Reached * piety under Okawaru
  9496 | D:8      | HP: 3/65 [electric eel/bolt of electricity (4)]
 10356 | D:8      | Reached ** piety under Okawaru
 11033 | D:9      | Killed an unseen horror
 11033 | D:9      | Reached *** piety under Okawaru
 11034 | D:9      | Reached XP level 11. HP: 35/72 MP: 1/11
 12073 | D:9      | Found a bloodstained altar of Trog.
 12090 | D:10     | Entered Level 10 of the Dungeon
 12103 | D:9      | Received a gift from Okawaru
 12277 | D:10     | Noticed Maurice
 12278 | D:10     | Found a staircase to the Lair.
 12296 | D:9      | Reached skill level 10 in Fighting
 12296 | D:9      | Reached skill level 10 in Armour
 12296 | D:9      | Reached skill level 10 in Shields
 12903 | D:10     | Killed Maurice
 12903 | D:10     | Reached **** piety under Okawaru
 13191 | D:10     | Found a sacrificial altar of Ru.
 13593 | D:10     | Found a shadowy altar of Dithmenos.
 13673 | D:10     | Noticed a two-headed ogre
 13686 | D:10     | Killed a two-headed ogre
 14105 | D:10     | Found a staircase to the Lair.
 14153 | D:10     | Found a shadowy altar of Dithmenos.
 14266 | D:10     | Found a sacrificial altar of Ru.
 14556 | Lair:1   | Entered Level 1 of the Lair of Beasts
 14561 | Lair:1   | Noticed an eight-headed hydra
 14637 | D:10     | Killed an eight-headed hydra
 15360 | Lair:1   | Reached ***** piety under Okawaru
 15361 | Lair:1   | Reached XP level 12. HP: 77/80 MP: 1/12
 16218 | Lair:2   | Noticed a catoblepas
 16298 | Lair:1   | Reached skill level 10 in Maces & Flails
 16392 | Lair:1   | Killed a catoblepas
 16576 | Lair:2   | Noticed a seven-headed hydra
 16584 | Lair:2   | Killed a seven-headed hydra
 16693 | Lair:2   | Identified the +10 great mace "Dragonbane" {heavy, Fly
                  | rElec Str-4 Int+3} (Okawaru gifted it to you on level 2 of
                  | the Lair of Beasts)
 16693 | Lair:2   | Received a gift from Okawaru
 17134 | Lair:2   | Identified the +0 robe of Gorot {rC++ rN+ Will- Dex+3}
 17645 | Lair:2   | Found a staircase to the Snake Pit.
 17923 | Lair:3   | Noticed a skyshark
 17934 | Lair:2   | Killed a skyshark
 18028 | Lair:3   | Noticed Amaemon
 18300 | Lair:2   | Killed Amaemon
 18583 | Lair:3   | Reached ****** piety under Okawaru
 18697 | Lair:3   | Identified the +1 pair of boots "Orraageu" {Rampage *Slow
                  | Dex+3 SInv} (Okawaru gifted it to you on level 3 of the
                  | Lair of Beasts)
 18697 | Lair:3   | Received a gift from Okawaru
 19027 | Lair:3   | Found an opulent altar of Gozag.
 19042 | Lair:3   | Reached XP level 13. HP: 82/86 MP: 0/13
 19306 | Lair:3   | Mangled by a death yak

Illustrated notes

Levels and vault maps discovered:
D:1:      mainiacjoe_arrival_reflecting_pool, layout_loops_cross, serial_shops,
          nicolae_shop_advertising_works [nicolae_subvault_shop_adworks], shop,
          basic_ecumenical_altar, minmay_strange_pillars
D:2:      layout_basic, serial_rivers, chequers_serial_rivers_micro_b,
          chequers_serial_rivers_small_3, chequers_serial_rivers_small_b,
          chequers_serial_rivers_small_b, chequers_decorated_corner,
          minmay_misc_feat_tower, uniq_sigmund
D:3:      minmay_razor_zed, layout_rooms, wander_ebering_terrifying_dragon_lair
D:4:      layout_gridville, mainiacjoe_overflow_surrounded_room
D:5:      layout_rooms, uniq_crazy_yiuf_cottage, uniq_menkaure
D:6:      layout_basic, minivault_23, uniq_grinder, uniq_eustachio
D:7:      layout_rooms, mainiacjoe_overflow_brackets,
          minmay_temple_entry_slanted, uniq_joseph
D:8:      kennysheep_big_flooded_room, layout_basic, serial_glass,
          glass_columns_a, glass_columns_a
D:9:      layout_stronghold, lemuel_round_altar
D:10:     layout_roguey, nicolae_dithmenos_the_darkroom, lemuel_crystal_altar,
          hellmonk_lair_entry_icy, uniq_maurice
Temple:   minmay_temple_bridge_d
Lair:1:   layout_chaotic_city
Lair:2:   layout_roguey, nicolae_snake_entry_squirm, grunt_megastairs_2,
          serial_bayou_shore_a, serial_bayou_shore_b,
          infiniplex_staircase_pool_2
Lair:3:   wad_woods_stonehenge, layout_hall_layers, minmay_shoals_entry_hut,
          grunt_megastairs_5, lemuel_fruit_tree, uniq_amaemon

Skill      XL: |  1  2  3  4  5  6  7  8  9 10 11 12 |
---------------+-------------------------------------+-----
Fighting       | 4 5 7 8 9 11 12 | 12.4
Maces & Flails | 3 4 5 7 8 9 11 | 11.2
Armour         | 4 5 7 8 9 10 12 | 12.4
Shields        | 4 5 6 8 9 10 12 | 12.4

Action                     |  1- 3 |  4- 6 |  7- 9 | 10-12 | 13-15 || total
---------------------------+-------+-------+-------+-------+-------++-------
  Melee: Flail             |   143 |    59 |   297 |   113 |       ||   612
         Morningstar       |       |       |       |   430 |    55 ||   485
  Throw: Dart              |       |     8 |    12 |    13 |       ||    33
 Invoke: Heroism           |       |       |       |     1 |     1 ||     2
    Use: Scroll            |       |     4 |    12 |     3 |       ||    19
 Armour: Scale mail        |    11 |       |       |   288 |    17 ||   316
         Chain mail        |   111 |    19 |   208 |    64 |       ||   402
  Dodge: Dodged            |    57 |    25 |    80 |   175 |     5 ||   342
  Block: Buckler           |    47 |     6 |       |       |       ||    53
         Kite shield       |       |     9 |   235 |   444 |    38 ||   726
         Reflection        |       |       |       |     2 |       ||     2

Table legend: (Time is in decaauts)
 A = Elapsed time spent in this place.
 B = Non-inter-level travel time spent in this place.
 C = Inter-level travel time spent in this place.
 D = Time resting spent in this place.
 E = Time spent auto-exploring this place.
 F = Levels seen in this place.
 G = Mean time per level.
                   A        B        C        D        E       F      G
               +--------+--------+--------+--------+--------+-----+--------+
         Total |  19523 |  19014 |    509 |   4259 |  11831 |  14 | 1394.5 |
       Dungeon |  14896 |  14463 |    433 |   3188 |   9017 |  10 | 1489.6 |
        Temple |    134 |    109 |     25 |      0 |     99 |   1 |  134.0 |
          Lair |   4491 |   4441 |     50 |   1071 |   2715 |   3 | 1497.0 |
               +--------+--------+--------+--------+--------+-----+--------+

Top non-repeatable levels by time:
     D:6: 2373 daAuts
     D:9: 2367 daAuts
    D:10: 2065 daAuts
  Lair:2: 1978 daAuts
     D:3: 1862 daAuts
  Lair:1: 1662 daAuts
     D:4: 1383 daAuts
     D:8: 1329 daAuts
     D:5: 1084 daAuts
     D:1: 851 daAuts
  Lair:3: 850 daAuts
     D:2: 801 daAuts
     D:7: 777 daAuts
  Temple: 134 daAuts
